 Dungeon Crawl Stone Soup version 0.22.0 (webtiles) character file.

212 CyclopB the Cudgeler (level 5, 41/41 HPs)
             Began as a Mummy Abyssal Knight on Dec 30, 2018.
             Was a Believer of Lugonu.
             Quit the game on level 4 of the Dungeon.
             The game lasted 00:12:31 (3664 turns).

CyclopB the Cudgeler (Mummy Abyssal Knight)         Turns: 3664, Time: 00:12:32

Health: 41/41      AC:  7    Str: 16    XL:     5   Next: 58%
Magic:  0/0        EV: 10    Int: 11    God:    Lugonu [**....]
Gold:   6          SH:  0    Dex: 12    Spells: 4/4 levels left

rFire    x x .     SeeInvis .   c - +2 whip (freeze)
rCold    + . .     Gourm    .   (no shield)
rNeg     + + +     Faith    .   t - +1 scale mail of the End {+Inv rPois rF- rN++ MP-9}
rPois    ∞         Spirit   .   (no helmet)
rElec    .         Reflect  .   (no cloak)
rCorr    .         Harm     .   (no gloves)
MR       .....                  (no boots)
Stlth    ..........             (no amulet)
HPRegen  0.13/turn              (no ring)
MPRegen  0.07/turn              (no ring)

@: no status effects
A: no food or potions, fire vulnerability, cold resistance 1, negative energy
resistance 3, torment resistance, unbreathing
a: Depart the Abyss, Bend Space, Renounce Religion, Evoke Invisibility


You were on level 4 of the Dungeon.
You worshipped Lugonu.
Lugonu was pleased with you.
You were not hungry.

You visited 1 branch of the dungeon, and saw 4 of its levels.
You visited the Abyss 1 time.

You collected 186 gold pieces.
You spent 180 gold pieces at shops.

Inventory:

Hand Weapons
 a - a +1 mace
 c - a +2 whip of freezing (weapon)
Missiles
 d - 8 tomahawks
 e - 104 stones (quivered)
 h - 41 arrows
 l - 11 poisoned needles
 p - 29 sling bullets
Armour
 i - a scarf of cloud immunity
 j - a +0 buckler
 m - a +0 ring mail
 t - the +1 scale mail of the End (worn) {+Inv rPois rF- rN++ MP-9}
   (You bought it in a shop on level 4 of the Dungeon)

   It makes you vulnerable to fire.
   It protects you from poison.
   It greatly protects you from negative energy.
   It affects your magic capacity (-9).
   It lets you turn invisible.
Wands
 s - a wand of paralysis (10)
Scrolls
 b - 2 scrolls of remove curse
 f - 2 scrolls of amnesia
 g - a scroll of teleportation {unknown}
 k - 2 scrolls of magic mapping
 n - 2 scrolls of random uselessness {unknown}
 o - a scroll of enchant weapon {unknown}
 q - a scroll of enchant armour {unknown}
 r - a scroll of identify {unknown}


   Skills:
 - Level 3.0 Fighting
 * Level 4.6 Maces & Flails
 - Level 1.5 Armour
 + Level 1.5 Dodging
 - Level 1.5 Invocations


You had 4 spell levels left.
You didn't know any spells.
Your spell library contained the following spells:

 Spells                   Type           Power        Failure   Level  Hunger
 Confuse                  Hex            #.......     98%         3    N/A
 Confusing Touch          Hex            #.....       78%         1    N/A
 Metabolic Englaciation   Hex/Ice        #.........   100%        5    N/A
 Petrify                  Tmut/Erth      #.......     100%        4    N/A
 Gell's Gravitas          Tloc           #.........   98%         3    N/A
 Yara's Violent Unravell  Hex/Tmut       #.........   100%        5    N/A

Dungeon Overview and Level Annotations

Branches:
Dungeon (4/15)
 Temple: D:4-7

Altars:

Shops:
D:4 [


Innate Abilities, Weirdness & Mutations

You do not eat or drink.
Your flesh is vulnerable to fire.
You are immune to poison.
Your flesh is cold resistant. (rC+)
You are immune to negative energy. (rN+++)
You are immune to unholy pain and torment.
You can survive without breathing.


Message History

The orc throws a stone.
The stone misses you. The orc hits you but does no damage.
You barely miss the orc. The orc closely misses you.
You hit the orc. You freeze the orc.
The orc is heavily wounded.
The orc misses you.
You hit the orc. You freeze the orc.
You kill the orc!
Lugonu accepts your kill.
No target in view!
There is an entrance to Luobellu's Antique Armour Boutique here.
t - a distressingly furry scale mail Thank you for shopping at Luobellu's Antique Armour Boutique!
You start removing your armour.
You continue taking off your +0 ring mail. x4
You finish taking off your +0 ring mail.
You start putting on your armour.
You continue putting on your distressingly furry scale mail. x5
You finish putting on the +1 scale mail of the End {+Inv rPois rF- rN++ MP-9}.
Are you sure you want to abandon this character and quit the game? (Confirm with "yes".)

## ########### .#
#.........#************* .#
#.........#,,,,,,,,,,,,, .#
#.........#,,,,,,,,,,,,, .#
#.........#,,,,,,,,,,,,, .#
#..((..@..#,,,,,,,,,,,,,
.#########........(#*****,****,**
...........####(.......#*,****,*,
...........#,,#.....(..#,,,,,,,+,
...........#,,#........#,,,,,,,*,
...........#,,#........#,,**,,**,
.....#######,,#........#,,**,,***
.....# *,,,#........#,,*,,,,,,
.....# **+*#####....#,,*,,,,,,


There were no monsters in sight!

Vanquished Creatures
  A howler monkey (D:4)
  An iron imp (Abyss:1)
  A worker ant (D:4)
  2 adders
  4 gnolls (D:3)
  An adder skeleton (D:4)
  2 dart slugs (D:1)
  2 leopard geckos
  2 orcs
  2 giant cockroaches
  3 goblins
  8 hobgoblins
  3 jackals (D:1)
  A quokka (D:3)
  9 bats
  3 frilled lizards
  12 kobolds
  2 rats
59 creatures vanquished.

Notes
Turn   | Place    | Note
-------+----------+-------------------------------------------
     0 | Abyss:1  | CyclopB the Mummy Abyssal Knight began the quest for the Orb.
     0 | Abyss:1  | Reached XP level 1. HP: 18/18 MP: 2/2
    59 | Abyss:1  | Noticed an iron imp
    79 | Abyss:1  | Killed an iron imp
    79 | Abyss:1  | Reached skill level 2 in Maces & Flails
    79 | Abyss:1  | Reached XP level 2. HP: 7/24 MP: 3/3
   164 | Abyss:1  | Noticed a wretched star
   199 | D:1      | Escaped the Abyss
   319 | D:1      | Reached XP level 3. HP: 29/29 MP: 4/4
   387 | D:1      | Reached skill level 3 in Maces & Flails
  1099 | D:1      | Reached ** piety under Lugonu
  1324 | D:2      | Reached skill level 1 in Dodging
  1475 | D:2      | Reached XP level 4. HP: 26/35 MP: 5/5
  2561 | D:3      | Reached skill level 4 in Maces & Flails
  3006 | D:3      | Reached XP level 5. HP: 40/41 MP: 6/6
  3640 | D:4      | Found Luobellu's Antique Armour Boutique.
  3654 | D:4      | Bought a distressingly furry scale mail for 180 gold pieces
  3664 | D:4      | Identified the +1 scale mail of the End {+Inv rPois rF- rN++ MP-9} (You bought it in a shop on level 4 of the Dungeon)
  3664 | D:4      | Quit the game

Skill      XL: |  1  2  3  4 |
---------------+-------------+-----
Maces & Flails | 2 3 4 |  4.6
Dodging        | 1 |  1.5
Fighting       | |  3.0
Armour         | |  1.5
Invocations    | |  1.5

Action                   |  1- 3 |  4- 6 || total
-------------------------+-------+-------++-------
Melee: Whip              |   105 |   127 ||   232
Throw: Stone             |     3 |     1 ||     4
  Use: Scroll            |       |     4 ||     4
Armor: Leather armour    |    15 |       ||    15
       Ring mail         |     7 |    28 ||    35
Dodge: Dodged            |    51 |    69 ||   120
